cohdb
Replays
Latest Replays
All Replays
Popular Replays
Top Player Replays
Match Explorer
How It Works
Community
CoH3 Stats
Reddit
Sign in to upload your games and track your stats! →
Sign in with Steam
Match 43389961
Unlisted
Match 43389961
Overview
Messages
Build Orders
End
Construct Section Command Post
Infantry Section
Infantry Section
Dingo Light Scout Car
Grenade Package
Construct Platoon Command Post
Humber Armored Car
6-pounder Anti-tank Gun Team
Vickers Machine Gun Team
Vickers Machine Gun Team
Selects Indian Artillery Battlegroup
Selects Valour
Selects Towed ML 4.2-inch Heavy Mortar
Selects Gurkha Rifles Section
Towed ML 4.2-inch Heavy Mortar
Gurkha Rifles Section
Gurkha Rifles Section
Selects Off-map Airburst Barrage
6-pounder Anti-tank Gun Team
6-pounder Anti-tank Gun Team
AI Takeover
BUBBA_ACTUAL
JollyRedRockett
DMTriBorn2Party
Zyblick
Royce
EarlofGrey
goat
max 228
0
0
Comments
sign in to comment!
No comments posted yet!